 Dungeon Crawl Stone Soup version 0.29-a0-397-g846e4a0bbc (webtiles) character file.

Game seed: 7063944220929733142

18714 McIrco the Tortoise (level 12, -26/110 HPs)
             Began as a Minotaur Fighter on May 11, 2022.
             Was an Initiate of Gozag.
             Killed from afar by Frances (39 damage)
             ... with a shard of ice
             ... on level 13 of the Dungeon.
             The game lasted 00:25:45 (16212 turns).

McIrco the Tortoise (Minotaur Fighter)             Turns: 16212, Time: 00:25:46

Health: -26/110    AC: 27    Str: 26    XL:     12   Next: 30%
Magic:  0/11       EV:  7    Int: 10    God:    Gozag
Gold:   2933       SH: 10    Dex: 10    Spells: 11/11 levels left

rFire   + . .      SeeInvis +   p - +10 flail of Ileir {vorpal, Int+5}
rCold   . . .      Faith    .   X - +0 kite shield
rNeg    + . .      Spirit   +   s - +0 plate armour
rPois   +          Reflect  .   (helmet restricted)
rElec   .          Harm     .   U - +0 cloak
rCorr   .          Rampage  .   g - +3 pair of gloves of Ru's Indignation {rF+ rN+ Stlth+}
Will    .....                   H - +1 pair of boots
Stlth   ..........              O - amulet of guardian spirit
HPRegen 0.28/turn               E - ring of poison resistance
MPRegen 0.12/turn               F - ring of see invisible

@: mighty
A: horns 2, retaliatory headbutt
a: Renounce Religion, Potion Petition, Call Merchant, Bribe Branch


You were on level 13 of the Dungeon.
You worshipped Gozag.
Gozag was most pleased with you.
You visited 1 branch of the dungeon, and saw 13 of its levels.
You also visited: Sewer and Bailey.

You collected 3348 gold pieces.
You spent 360 gold pieces at shops.
You paid 55 gold pieces to Gozag.

Inventory:

Hand Weapons
 a - a +1 war axe
 p - the +10 flail of Ileir (weapon) {vorpal, Int+5}
   (You found it on level 6 of the Dungeon)

   It inflicts extra damage upon your enemies.
   Int:       It affects your intelligence (+5).
 w - a +4 scimitar of freezing
 x - a +0 hand axe of flaming
Missiles
 W - 3 javelins (quivered)
Armour
 c - a +0 plate armour of cold resistance
 g - the +3 pair of gloves of Ru's Indignation (worn) {rF+ rN+ Stlth+}
   (You found it in a sewer)

   rF:        It protects you from fire.
   rN:        It protects you from negative energy.
   Stlth:     It makes you more stealthy.
 s - a +0 plate armour (worn)
 H - a +1 pair of boots (worn)
 P - the +3 ring mail of Miracles {rN++ Will- Int+9 Dex+2}
   (You found it on level 8 of the Dungeon)

   Int:       It affects your intelligence (+9).
   Dex:       It affects your dexterity (+2).
   rN:        It greatly protects you from negative energy.
   Will:      It decreases your willpower.
 U - a +0 cloak (worn)
 X - a +0 kite shield (worn)
Jewellery
 z - a ring of ice
 E - a ring of poison resistance (left hand)
 F - a ring of see invisible (right hand)
 O - an amulet of guardian spirit (around neck)
Wands
 r - a wand of mindburst (4)
 I - a wand of paralysis (11)
 Q - a wand of flame (18)
 T - a wand of charming (5)
Scrolls
 i - 5 scrolls of vulnerability
 l - a scroll of identify
 m - a scroll of summoning {unknown}
 q - 3 scrolls of magic mapping
 y - 3 scrolls of teleportation
 G - 2 scrolls of brand weapon
 J - 2 scrolls of blinking
 L - 2 scrolls of fear
 M - a scroll of noise {unknown}
 N - a scroll of immolation {unknown}
 R - a scroll of torment {unknown}
 S - a scroll of enchant armour {unknown}
 V - a scroll of enchant weapon
Potions
 d - a potion of might
 e - 5 potions of degeneration
 f - 2 potions of brilliance
 h - 2 potions of cancellation
 j - 6 potions of curing
 k - 4 potions of attraction
 n - 4 potions of heal wounds
 o - 3 potions of haste
 t - a potion of lignification
 u - 2 potions of mutation
 A - 3 potions of flight
 B - 2 potions of berserk rage
 C - a potion of invisibility
 D - 2 potions of resistance
Miscellaneous
 b - a phantom mirror (inert)


   Skills:
 + Level 11.5 Fighting
 - Level 2.4(7.1) Axes
 + Level 10.6(10.7) Maces & Flails
 + Level 17.2 Armour
 + Level 9.3 Shields


You had 11 spell levels left.
You didn't know any spells.
Your spell library contained the following spells:

 Spells                   Type           Power      Damage    Failure   Level
 Animate Skeleton         Necr           0%         N/A       99%         1
 Magic Dart               Conj           0%         1d3       99%         1
 Pain                     Necr           0%         1d4       99%         1
 Sandblast                Erth           0%         2d4       99%         1
 Call Imp                 Summ           0%         N/A       100%        2
 Passwall                 Tmut/Erth      0%         N/A       100%        2
 Dazzling Flash           Conj/Hex       0%         N/A       100%        3
 Mephitic Cloud           Conj/Pois/Air  0%         N/A       100%        3
 Stone Arrow              Conj/Erth      0%         3d7       100%        3
 Vampiric Draining        Necr           0%         2d6       100%        3
 Iskenderun's Mystic Bla  Conj/Tloc      0%         2d3       100%        4
 Starburst                Conj/Fire      0%         6d3       100%        6


Dungeon Overview and Level Annotations

Branches:
Dungeon (13/15)            Temple (0/1) D:7            Lair (0/6) D:9
    Orc (0/2) D:10          Sewer (visited)          Bailey (visited)
 Vaults: D:13-14

Altars:
Ashenzari
Elyvilon
Gozag
Kikubaaqudgha
Makhleb
Okawaru
Ru
Trog
Uskayaw
Xom
Yredelemnul
Zin

Shops:
D:1 !   D:8 ?   D:12 [

Annotations:
D:11 2 transporters, fly's ghost, journeyman GrEE
D:13 Frances


Innate Abilities, Weirdness & Mutations

You have a pair of horns on your head.
You reflexively headbutt those who attack you in melee.


Message History

You block Frances's attack. You block the orange demon's attack.
You closely miss Frances.
Frances is almost dead.
Frances mutters in a terrible tongue.
The shard of ice hits you! The orange demon stings you from afar.
You are poisoned.
The orange demon poisons you!
Frances chants phrases taken from a devil's mouth.
Unknown command.
You feel better.
The sixfirhy hits you but does no damage.
You block the sixfirhy's attack.
Frances mutters in a terrible tongue.
The shard of ice hits you!!
* * * LOW HITPOINT WARNING * * *
The orange demon stings you but does no damage.
You block the sixfirhy's attack.
Unknown command.
You thump Frances! You headbutt Frances.
Frances is almost dead.
You block the sixfirhy's attack. x2; You block Frances's attack.
The sixfirhy hits you but does no damage.
The orange demon stings you but does no damage.
The sixfirhy barely misses you. Frances hits you with a +0 dire flail.
* * * LOW HITPOINT WARNING * * *
Unknown command.
You feel much better. You block the sixfirhy's attack.
Frances hits you with a +0 dire flail!!
* * * LOW HITPOINT WARNING * * *
You block the orange demon's attack.
Unknown command.
You closely miss Frances.
Frances is almost dead.
Frances hits you with a +0 dire flail!
* * * LOW HITPOINT WARNING * * *
You block the orange demon's attack.
Frances whispers indecipherable words.
The shard of ice hits you!!!
You die...
Your body crumbles into a pile of gold.

#....#.....').
#..#....#.....#..
#..#....###..##.. ##
##..#......#..#### ..
....#......#..# ..
...#......+..# #.
#..#......##'####
#..##..#.............
#.4@@..#.............
#.43#..#.............
#...#..'.............
#...#..#.............
#..#####.............
### ##########....
#.... #.... #....


You could see Frances (fast), an orange demon (summoned), a hellwing (summoned)
and a sixfirhy (summoned).

Vanquished Creatures
  2 vault guards (Bailey)
  A hydra (D:12)
  A boulder beetle (D:13)
  A centaur warrior (D:13)
  A two-headed ogre (D:8)
  A deep elf pyromancer (D:13)
  A manticore (D:11)
  An ugly thing (D:12)
  2 cyclopes
  A gargoyle (D:12)
  A komodo dragon (D:10)
  A kobold demonologist (D:11)
  An unseen horror (D:12)
  6 trolls
  A blink frog (Bailey)
  3 slime creatures (D:12)
  Prince Ribbit (D:5)
  3 shadows
  15 yaks
  A wyvern (D:9)
  2 wraiths (D:12)
  4 humans (Bailey)
  4 vampire mosquitoes (D:11)
  The ghost of MrShunz the Conjurer, an amateur DECj (D:5)
  4 ice beasts
  6 orc warriors
  Pargi (Sewer)
  Duvessa (D:7)
  2 ogres
  A black bear (shapeshifter) (D:13)
  A black bear (D:9)
  4 centaurs
  2 phantoms (D:7)
  16 bullfrogs
  2 kobold brigands
  A gnoll sergeant (D:9)
  A scorpion (D:4)
  7 wights
  Dowan (D:7)
  14 killer bees
  4 electric eels (D:10)
  4 jellies
  7 orc priests
  7 hounds
  An iguana (D:4)
  12 orc wizards
  17 gnolls
  13 adders
  3 shadow imps
  A white imp (D:6)
  2 ufetubi
  2 worms
  A dart slug (D:3)
  50 orcs
  13 bats
  7 endoplasms
  12 giant cockroaches
  10 hobgoblins
  6 quokkas
  9 ball pythons
  7 frilled lizards
  16 goblins
  13 kobolds
  5 rats
342 creatures vanquished.

Vanquished Creatures (others)
  A fungus (D:9)
  8 plants
9 creatures vanquished.

Grand Total: 351 creatures vanquished

Notes
Turn   | Place    | Note
-------+----------+-------------------------------------------
     0 | D:1      | McIrco the Minotaur Fighter began the quest for the Orb.
     0 | D:1      | Reached XP level 1. HP: 19/19 MP: 0/0
   101 | D:1      | Found Usargh's Distillery.
   197 | D:1      | Reached skill level 4 in Armour
   197 | D:1      | Reached XP level 2. HP: 27/27 MP: 1/1
   298 | D:1      | Found a faded altar of an unknown god.
   549 | D:1      | Reached XP level 3. HP: 30/33 MP: 2/2
  1505 | D:2      | Reached XP level 4. HP: 41/41 MP: 3/3
  1944 | D:2      | Reached skill level 5 in Armour
  2705 | D:3      | Found a basalt altar of Yredelemnul.
  3202 | D:3      | Found an opulent altar of Gozag.
  3211 | D:3      | Became a worshipper of Gozag Ym Sagoz the Greedy
  3290 | D:4      | Reached XP level 5. HP: 47/47 MP: 4/4
  3342 | D:4      | Reached skill level 5 in Fighting
  3342 | D:4      | Reached skill level 6 in Armour
  3729 | D:4      | Reached XP level 6. HP: 25/56 MP: 5/5
  3735 | D:4      | Reached skill level 7 in Armour
  4004 | D:4      | Reached skill level 5 in Shields
  4112 | D:4      | Reached XP level 7. HP: 51/62 MP: 6/6
  4217 | D:4      | Reached skill level 8 in Armour
  4814 | D:5      | Entered Level 5 of the Dungeon
  5442 | D:5      | Found a runed translucent door.
  5442 | D:5      | Noticed MrShunz's ghost (amateur DECj)
  5446 | D:5      | Reached skill level 9 in Armour
  5451 | D:5      | Noticed Prince Ribbit
  5461 | D:5      | Killed Prince Ribbit
  5567 | D:5      | Reached XP level 8. HP: 70/70 MP: 7/7
  5696 | D:5      | Identified a scroll of acquirement
  5696 | D:5      | Acquired 380 gold pieces
  5930 | D:5      | Killed MrShunz's ghost
  5931 | D:5      | Reached skill level 10 in Armour
  6061 | D:6      | Found a glowing drain.
  6085 | Sewer    | Entered a sewer
  6105 | Sewer    | Noticed Pargi
  6110 | Sewer    | Killed Pargi
  6120 | Sewer    | Identified the +3 pair of gloves of Ru's Indignation {rF+
                  | rN+ Stlth+}
  6212 | D:6      | Found a sacrificial altar of Ru.
  6400 | D:6      | Reached skill level 11 in Armour
  7184 | D:6      | Reached skill level 12 in Armour
  7186 | D:6      | Reached XP level 9. HP: 52/79 MP: 8/8
  7303 | D:6      | Identified the +10 flail of Ileir {vorpal, Int+5}
  7686 | D:6      | Noticed a troll
  7697 | D:6      | Killed a troll
  7862 | D:6      | Found an iron altar of Okawaru.
  8262 | D:7      | Noticed Dowan
  8262 | D:7      | Noticed Duvessa
  8269 | D:7      | Killed Duvessa
  8270 | D:7      | Reached skill level 13 in Armour
  8453 | D:7      | Found a staircase to the Ecumenical Temple.
  8494 | D:7      | Paralysed by Dowan for 4 turns
  8499 | D:7      | Killed Dowan
  8779 | D:8      | Reached skill level 14 in Armour
  8972 | D:8      | Reached XP level 10. HP: 85/90 MP: 9/9
  9020 | D:8      | Found Fits's Magic Scroll Shoppe.
  9028 | D:8      | Bought a scroll of blinking for 120 gold pieces
  9028 | D:8      | Bought a scroll of identify for 32 gold pieces
  9028 | D:8      | Bought a scroll of magic mapping for 56 gold pieces
  9028 | D:8      | Bought a scroll of identify for 32 gold pieces
  9028 | D:8      | Bought a scroll of blinking for 120 gold pieces
  9612 | D:8      | Found a broken altar of Ashenzari.
  9633 | D:8      | Found a shimmering altar of Xom.
  9637 | D:8      | Noticed a two-headed ogre
  9639 | D:8      | Found a white marble altar of Elyvilon.
  9639 | D:8      | Found a hide-covered altar of Uskayaw.
  9639 | D:8      | Found an ancient bone altar of Kikubaaqudgha.
  9643 | D:8      | Killed a two-headed ogre
  9735 | D:8      | Found a bloodstained altar of Trog.
  9736 | D:8      | Found a glowing silver altar of Zin.
  9737 | D:8      | Found a burning altar of Makhleb.
  9931 | D:8      | Identified the +3 ring mail of Miracles {rN++ Will- Int+9
                  | Dex+2}
 10185 | D:9      | Noticed a cyclops
 10192 | D:9      | Killed a cyclops
 10193 | D:9      | Reached skill level 15 in Armour
 10817 | D:9      | Found a staircase to the Lair.
 10968 | D:9      | Reached skill level 16 in Armour
 11266 | D:10     | Entered Level 10 of the Dungeon
 11274 | D:10     | Reached skill level 1 in Maces & Flails
 11282 | D:10     | Found a flagged portal.
 11309 | Bailey   | Entered a bailey
 11541 | Bailey   | Reached XP level 11. HP: 99/99 MP: 10/10
 11548 | Bailey   | Noticed a vault guard
 11567 | Bailey   | Killed a vault guard
 11568 | Bailey   | Reached skill level 10 in Fighting
 11614 | Bailey   | Noticed a vault guard
 11637 | Bailey   | Killed a vault guard
 11942 | Bailey   | Reached skill level 5 in Maces & Flails
 12253 | D:10     | Found a staircase to the Orcish Mines.
 13505 | D:11     | Found a hide-covered altar of Uskayaw.
 13536 | D:11     | Noticed fly's ghost (journeyman GrEE)
 13744 | D:11     | Found a transporter.
 13747 | D:11     | Found a transporter.
 14472 | D:12     | Found Zimm's Armour Emporium.
 14726 | D:12     | Noticed a white ugly thing
 14736 | D:12     | Killed a white ugly thing
 14827 | D:12     | Reached skill level 17 in Armour
 15049 | D:12     | Reached XP level 12. HP: 72/110 MP: 6/11
 15396 | D:12     | Noticed a six-headed hydra
 15400 | D:12     | Killed a six-headed hydra
 15874 | D:13     | Noticed a centaur warrior
 15879 | D:13     | Reached skill level 10 in Maces & Flails
 15882 | D:13     | Killed a centaur warrior
 16055 | D:13     | Noticed a boulder beetle
 16083 | D:13     | Killed a boulder beetle
 16195 | D:13     | Noticed Frances
 16212 | D:13     | Killed from afar by Frances

Illustrated notes

Levels and vault maps discovered:
D:1:      wander_arrival_abandoned_jail, layout_basic, serial_shops, shop,
          serial_curves, eino_curves_02, eino_curves_01, eino_curves_04,
          eino_curves_04, chequers_ecumenical_altar_grove, roderic_malta_cross
D:2:      minmay_diamond_boxcup, layout_basic, minmay_hedge_maze,
          chequers_decorated_corner
D:3:      layout_rooms, lemuel_coloured_pillars_altar, lemuel_tele_altar,
          grunt_decor_junction
D:4:      layout_loops_cross, serial_forest, infiniplex_forest_clump_C,
          infiniplex_forest_end_2, infiniplex_forest_straight_3,
          infiniplex_forest_lined_4_way, infiniplex_forest_lined_1,
          infiniplex_forest_clump_diagonal, infiniplex_forest_corner_1,
          saegor_snake_ambush
D:5:      layout_basic, gammafunk_ghost_grave, uniq_prince_ribbit1
D:6:      layout_loops_cross, mainiacjoe_overflow_tiny_flanked,
          mainiacjoe_overflow_surrounded_room, gup_sewer_entry_pipe,
          minmay_between
D:7:      layout_basic, temple_fountains, nrook_mini_backslash,
          minmay_misc_feat_five, uniq_duvessa
D:8:      layout_loops_corners, minitemple, serial_shops,
          nicolae_shop_advertising_works [nicolae_subvault_shop_adworks]
D:9:      layout_rooms, grunt_lair_entry_orc_guard_hut
D:10:     layout_basic, orc_0_dummy, enter_bailey_3
D:11:     layout_roguey, gammafunk_ghost_hive, nicolae_uskayaw_dance_hall
D:12:     layout_irregular_city, serial_shops, nicolae_stop_n_shop_1
D:13:     layout_gridville, david_vaults_2, st_stairs_12, evilmike_butchery,
          uniq_frances, uniq_snorg

Skill      XL: |  1  2  3  4  5  6  7  8  9 10 11 12 |
---------------+-------------------------------------+-----
Armour         | 4 5 6 7 9 12 14 16 17 | 17.2
Fighting       | 4 5 6 7 8 9 11 | 11.5
Shields        | 4 5 6 7 8 9 |  9.3
Maces & Flails | 3 9 10 | 10.6
Axes           | |  2.4

Action                   |  1- 3 |  4- 6 |  7- 9 | 10-12 || total
-------------------------+-------+-------+-------+-------++-------
Melee: War axe           |    73 |   144 |    53 |       ||   270
       Headbutt          |     8 |    17 |    34 |    78 ||   137
       Scimitar          |       |       |   169 |       ||   169
       Flail             |       |       |    93 |   425 ||   518
Throw: Javelin           |       |       |       |    21 ||    21
       Throwing net      |       |       |       |     3 ||     3
Evoke: Wand              |       |       |       |    14 ||    14
       Phantom mirror    |       |       |       |     1 ||     1
  Use: Potion            |       |     1 |     1 |     3 ||     5
       Scroll            |       |       |    14 |     9 ||    23
 Stab: Distracted        |       |       |       |     1 ||     1
Armor: Scale mail        |    33 |    44 |       |       ||    77
       Plate armour      |       |    44 |   282 |   325 ||   651
Dodge: Dodged            |    41 |    60 |   119 |   132 ||   352
Block: Buckler           |    20 |    27 |    78 |    84 ||   209
       Kite shield       |       |       |       |    58 ||    58

Table legend: (Time is in decaauts)
 A = Elapsed time spent in this place.
 B = Non-inter-level travel time spent in this place.
 C = Inter-level travel time spent in this place.
 D = Time resting spent in this place.
 E = Time spent auto-exploring this place.
 F = Levels seen in this place.
 G = Mean time per level.
                   A        B        C        D        E       F      G
               +--------+--------+--------+--------+--------+-----+--------+
         Total |  16609 |  15960 |    649 |   1279 |  11919 |  15 | 1107.3 |
       Dungeon |  15805 |  15156 |    649 |   1149 |  11503 |  13 | 1215.8 |
         Sewer |     91 |     91 |      0 |      0 |     33 |   1 |   91.0 |
        Bailey |    712 |    712 |      0 |    130 |    382 |   1 |  712.0 |
               +--------+--------+--------+--------+--------+-----+--------+

Top non-repeatable levels by time:
     D:5: 1721 daAuts
     D:4: 1638 daAuts
    D:10: 1584 daAuts
     D:6: 1549 daAuts
     D:8: 1482 daAuts
     D:2: 1357 daAuts
    D:11: 1201 daAuts
     D:1: 1195 daAuts
     D:9: 1127 daAuts
    D:12: 1052 daAuts
     D:3: 754 daAuts
  Bailey: 712 daAuts
     D:7: 644 daAuts
    D:13: 496 daAuts
   Sewer: 91 daAuts
